TOP OF THE 1ST |
Cincinnati Reds batting - Pitching for St. Louis Cardinals : RHP Marcos Molina
|
Pitching: RHP Marcos Molina
|
|
Batting: LHB Jarrod Dyson
|
0-0: Called Strike 0-1: Ball 1-1: Ball 2-1: Fly out, F9 (Flyball, 9)
|
Batting: RHB Trea Turner
|
0-0: Swinging Strike 0-1: Foul Ball, location: 2F 0-2: Ball 1-2: Strikes out looking
|
Batting: LHB Robinson Cano
|
0-0: Ball 1-0: Foul Ball, location: 2F 1-1: Fly out, F9 (Line Drive, 9)
|
Top of the 1st over - 0 runs, 0 hits, 0 errors, 0 left on base; Cincinnati 0 - St. Louis 0 |
BOTTOM OF THE 1ST |
St. Louis Cardinals batting - Pitching for Cincinnati Reds : RHP Jake Peavy
|
Pitching: RHP Jake Peavy
|
|
Batting: SHB Ozzie Albies
|
0-0: SINGLE (Flyball, 7LS)
|
Batting: RHB Alex Bregman
|
0-0: Called Strike 0-1: Ball 1-1: Ball 2-1: Ball 3-1: Fly out, F9 (Flyball, 9S)
|
Batting: RHB Jose Alberto Martinez
|
0-0: Ball Ozzie Albies is caught stealing 2nd base 1-0: Ball 2-0: Called Strike 2-1: Ground out U3 (Groundball, 34S)
|
Bottom of the 1st over - 0 runs, 1 hit, 0 errors, 0 left on base; Cincinnati 0 - St. Louis 0 |
TOP OF THE 2ND |
Cincinnati Reds batting - Pitching for St. Louis Cardinals : RHP Marcos Molina
|
Batting: RHB Edwin Encarnacion
|
0-0: Fly out, F9 (Flyball, 89M)
|
Batting: SHB Yasmani Grandal
|
0-0: Foul Ball, location: 2F 0-1: Foul Ball, location: 2F 0-2: Strikes out looking
|
Batting: LHB Joey Gallo
|
0-0: Called Strike 0-1: Called Strike 0-2: Ball 1-2: Ball 2-2: Ball 3-2: Foul Ball, location: 2F 3-2: Base on Balls
|
Batting: RHB Adam Duvall
|
0-0: Called Strike 0-1: Ball 1-1: Foul Ball, location: 2F 1-2: Ball Joey Gallo steals 2nd base 2-2: Ground out 6-3 (Groundball, 6)
|
Top of the 2nd over - 0 runs, 0 hits, 0 errors, 1 left on base; Cincinnati 0 - St. Louis 0 |
BOTTOM OF THE 2ND |
St. Louis Cardinals batting - Pitching for Cincinnati Reds : RHP Jake Peavy
|
Batting: RHB Mark Reynolds
|
0-0: Swinging Strike 0-1: Foul Ball, location: 2F 0-2: Ball 1-2: Ball 2-2: Foul Ball, location: 2F 2-2: Ball 3-2: Foul Ball, location: 2F 3-2: SINGLE (Flyball, 7LM) - OUT at second base trying to stretch hit.
|
Batting: LHB Alex Avila
|
0-0: Foul Ball, location: 2F 0-1: Foul Ball, location: 2F 0-2: Fly out, F7 (Flyball, 7LMF)
|
Batting: LHB Brett Phillips
|
0-0: Fly out, F7 (Flyball, 7S)
|
Bottom of the 2nd over - 0 runs, 1 hit, 0 errors, 0 left on base; Cincinnati 0 - St. Louis 0 |
TOP OF THE 3RD |
Cincinnati Reds batting - Pitching for St. Louis Cardinals : RHP Marcos Molina
|
Batting: LHB Scooter Gennett
|
0-0: Ball 1-0: Ball 2-0: DOUBLE (Flyball, 89D)
|
Batting: RHB Jake Peavy
|
0-0: Sac Bunt - play at first, batter OUT! 3-4 Scooter Gennett to third
|
Batting: LHB Jarrod Dyson
|
0-0: Called Strike 0-1: SINGLE (Flyball, 7LM) Scooter Gennett scores
|
Batting: RHB Trea Turner
|
0-0: Foul Ball, location: 2F 0-1: Called Strike 0-2: Foul Ball, location: 2F 0-2: Ball 1-2: Fly out, F9 (Line Drive, 9)
|
Batting: LHB Robinson Cano
|
0-0: Ball 1-0: SINGLE (Groundball, 6D) Jarrod Dyson to second Runner from 2nd tries for 3rd, SAFE, throw made to third
|
Batting: RHB Edwin Encarnacion
|
0-0: 3-RUN HOME RUN (Flyball, 7D), Distance : 373 ft
|
Batting: SHB Yasmani Grandal
|
0-0: Ball 1-0: Called Strike 1-1: Ball 2-1: Swinging Strike 2-2: Strikes out swinging
|
Top of the 3rd over - 4 runs, 4 hits, 0 errors, 0 left on base; Cincinnati 4 - St. Louis 0 |
BOTTOM OF THE 3RD |
St. Louis Cardinals batting - Pitching for Cincinnati Reds : RHP Jake Peavy
|
Batting: RHB Harrison Bader
|
0-0: Called Strike 0-1: Foul Ball, location: 2F 0-2: Foul Ball, location: 2F 0-2: Ball 1-2: Foul Ball, location: 2F 1-2: Fly out, F9 (Line Drive, 9D)
|
Batting: RHB Adeiny Hechavarria
|
0-0: Foul Ball, location: 2F 0-1: Ball 1-1: Ball 2-1: Swinging Strike 2-2: Strikes out swinging
|
Batting: RHB Marcos Molina
|
0-0: Ball 1-0: Ball 2-0: Swinging Strike 2-1: Swinging Strike 2-2: Strikes out swinging, 2-3 out at first.
|
Bottom of the 3rd over - 0 runs, 0 hits, 0 errors, 0 left on base; Cincinnati 4 - St. Louis 0 |
TOP OF THE 4TH |
Cincinnati Reds batting - Pitching for St. Louis Cardinals : RHP Marcos Molina
|
Batting: LHB Joey Gallo
|
0-0: Called Strike 0-1: Fly out, F9 (Flyball, 89XD)
|
Batting: RHB Adam Duvall
|
0-0: Ball 1-0: Ball 2-0: Ball 3-0: Foul Ball, location: 2F 3-1: Ground out 6-3 (Groundball, 56)
|
Batting: LHB Scooter Gennett
|
0-0: Ball 1-0: Ball 2-0: Foul Ball, location: 2F 2-1: SINGLE (Groundball, 6D)
|
Batting: RHB Jake Peavy
|
0-0: Ball 1-0: Foul Ball, location: 2F 1-1: Ball 2-1: Swinging Strike 2-2: SINGLE (Groundball, 56D) Scooter Gennett to second
|
Batting: LHB Jarrod Dyson
|
0-0: Called Strike 0-1: SINGLE (Groundball, 56) (infield hit) Scooter Gennett to third Jake Peavy to second
|
Batting: RHB Trea Turner
|
0-0: Called Strike 0-1: Swinging Strike 0-2: Ball 1-2: Ball 2-2: Strikes out swinging
|
Top of the 4th over - 0 runs, 3 hits, 0 errors, 3 left on base; Cincinnati 4 - St. Louis 0 |
BOTTOM OF THE 4TH |
St. Louis Cardinals batting - Pitching for Cincinnati Reds : RHP Jake Peavy
|
Batting: SHB Ozzie Albies
|
0-0: Fly out, F9 (Line Drive, 9)
|
Batting: RHB Alex Bregman
|
0-0: Foul Ball, location: 2F 0-1: Ground out 1-3 (Groundball, 34S)
|
Batting: RHB Jose Alberto Martinez
|
0-0: Ball 1-0: Ball 2-0: Foul Ball, location: 2F 2-1: Foul Ball, location: 2F 2-2: Ball 3-2: Fly out, F9 (Flyball, 89S)
|
Bottom of the 4th over - 0 runs, 0 hits, 0 errors, 0 left on base; Cincinnati 4 - St. Louis 0 |
TOP OF THE 5TH |
Cincinnati Reds batting - Pitching for St. Louis Cardinals : RHP Marcos Molina
|
Batting: LHB Robinson Cano
|
0-0: Swinging Strike 0-1: Swinging Strike 0-2: Strikes out swinging
|
Batting: RHB Edwin Encarnacion
|
0-0: Ball 1-0: Called Strike 1-1: Ball 2-1: Swinging Strike 2-2: Ball 3-2: Ground out U3 (Groundball, 34S)
|
Batting: SHB Yasmani Grandal
|
0-0: Ball 1-0: Called Strike 1-1: Ground out 4-3 (Groundball, 4D)
|
Top of the 5th over - 0 runs, 0 hits, 0 errors, 0 left on base; Cincinnati 4 - St. Louis 0 |
BOTTOM OF THE 5TH |
St. Louis Cardinals batting - Pitching for Cincinnati Reds : RHP Jake Peavy
|
Batting: RHB Mark Reynolds
|
0-0: Ball 1-0: Ground out 6-3 (Groundball, 6)
|
Batting: LHB Alex Avila
|
0-0: Ball 1-0: Ball 2-0: Swinging Strike 2-1: Foul Ball, location: 2F 2-2: Ball 3-2: Strikes out looking
|
Batting: LHB Brett Phillips
|
0-0: Ball 1-0: Called Strike 1-1: Foul Ball, location: 2F 1-2: Fly out, F7 (Line Drive, 7D)
|
Bottom of the 5th over - 0 runs, 0 hits, 0 errors, 0 left on base; Cincinnati 4 - St. Louis 0 |
TOP OF THE 6TH |
Cincinnati Reds batting - Pitching for St. Louis Cardinals : RHP Marcos Molina
|
Pitching: LHP Fernando Abad
|
|
Batting: LHB Joey Gallo
|
0-0: Called Strike 0-1: Ball 1-1: Fly out, F6 (Popup, 25)
|
Batting: RHB Adam Duvall
|
0-0: Called Strike 0-1: SOLO HOME RUN (Flyball, 7D), Distance : 384 ft
|
Batting: LHB Scooter Gennett
|
0-0: Fly out, F7 (Line Drive, 7D)
|
Batting: RHB Jake Peavy
|
0-0: Ground out 4-3 (Groundball, 4)
|
Top of the 6th over - 1 run, 1 hit, 0 errors, 0 left on base; Cincinnati 5 - St. Louis 0 |
BOTTOM OF THE 6TH |
St. Louis Cardinals batting - Pitching for Cincinnati Reds : RHP Jake Peavy
|
Batting: RHB Harrison Bader
|
0-0: Called Strike 0-1: Ball 1-1: SINGLE (Line Drive, 9S)
|
Batting: RHB Adeiny Hechavarria
|
0-0: Called Strike 0-1: Ball 1-1: Called Strike 1-2: Foul Ball, location: 2F 1-2: Foul Ball, location: 2F 1-2: Fly out, F8 (Flyball, 8LD)
|
Pinch Hitting: RHB Hernan Perez
|
0-0: Ball 1-0: Called Strike 1-1: Ball 2-1: Called Strike 2-2: Foul Ball, location: 2F 2-2: Fly out, F7 (Flyball, 7)
|
Batting: SHB Ozzie Albies
|
0-0: Foul Ball, location: 2F 0-1: Ball 1-1: Swinging Strike 1-2: Ball 2-2: Ball 3-2: Foul Ball, location: 2F 3-2: Strikes out looking
|
Bottom of the 6th over - 0 runs, 1 hit, 0 errors, 1 left on base; Cincinnati 5 - St. Louis 0 |
TOP OF THE 7TH |
Cincinnati Reds batting - Pitching for St. Louis Cardinals : LHP Fernando Abad
|
Pitching: LHP Brett Anderson
|
|
Batting: LHB Jarrod Dyson
|
0-0: Called Strike 0-1: Ball 1-1: Called Strike 1-2: Ball 2-2: Strikes out swinging
|
Batting: RHB Trea Turner
|
0-0: Foul Ball, location: 2F 0-1: Ball 1-1: Foul Ball, location: 2F 1-2: Foul Ball, location: 2F 1-2: Ball 2-2: Ball 3-2: TRIPLE (Line Drive, 89XD)
|
Batting: LHB Robinson Cano
|
0-0: Ball 1-0: Foul Ball, location: 2F 1-1: Foul Ball, location: 2F 1-2: Fly out, F8 (Flyball, 8LM) Runner from 3rd tags up, SCORES, no throw
|
Batting: RHB Edwin Encarnacion
|
0-0: Ball 1-0: Ball 2-0: Foul Ball, location: 2F 2-1: Called Strike 2-2: Strikes out swinging
|
Top of the 7th over - 1 run, 1 hit, 0 errors, 0 left on base; Cincinnati 6 - St. Louis 0 |
BOTTOM OF THE 7TH |
St. Louis Cardinals batting - Pitching for Cincinnati Reds : RHP Jake Peavy
|
Pitching: RHP Tyler Duffey
|
|
Batting: RHB Alex Bregman
|
0-0: Ball 1-0: Called Strike 1-1: Ball 2-1: Foul Ball, location: 2F 2-2: Strikes out looking
|
Batting: RHB Jose Alberto Martinez
|
0-0: Ball 1-0: Swinging Strike 1-1: Called Strike 1-2: Ball 2-2: Strikes out looking
|
Batting: RHB Mark Reynolds
|
0-0: Ground out 5-3 (Groundball, 5L)
|
Bottom of the 7th over - 0 runs, 0 hits, 0 errors, 0 left on base; Cincinnati 6 - St. Louis 0 |
TOP OF THE 8TH |
Cincinnati Reds batting - Pitching for St. Louis Cardinals : LHP Brett Anderson
|
Batting: SHB Yasmani Grandal
|
0-0: Called Strike 0-1: Ball 1-1: Called Strike 1-2: Ball 2-2: Fly out, F7 (Line Drive, 7)
|
Batting: LHB Joey Gallo
|
0-0: Ball 1-0: Called Strike 1-1: Swinging Strike 1-2: Fly out, F9 (Flyball, 9D)
|
Batting: RHB Adam Duvall
|
0-0: SOLO HOME RUN (Flyball, 8RXD), Distance : 417 ft
|
Batting: LHB Scooter Gennett
|
0-0: Ball 1-0: Ball 2-0: SINGLE (Flyball, 5D)
|
Batting: RHB Tyler Duffey
|
0-0: Foul Ball, location: 2F 0-1: Ball 1-1: Ball 2-1: Single, Error in OF, E7, batter to second base (Groundball, 56D) Scooter Gennett to third
|
Batting: LHB Jarrod Dyson
|
0-0: Ball 1-0: Ball 2-0: Called Strike 2-1: Called Strike 2-2: Strikes out swinging
|
Top of the 8th over - 1 run, 3 hits, 1 error, 2 left on base; Cincinnati 7 - St. Louis 0 |
BOTTOM OF THE 8TH |
St. Louis Cardinals batting - Pitching for Cincinnati Reds : RHP Tyler Duffey
|
Now at 2B: Allen Cordoba
|
|
Batting: LHB Alex Avila
|
0-0: Called Strike 0-1: Foul Ball, location: 2F 0-2: Foul Ball, location: 2F 0-2: Foul Ball, location: 2F 0-2: Fly out, F8 (Line Drive, 8RM)
|
Batting: LHB Brett Phillips
|
0-0: Called Strike 0-1: Foul Ball, location: 2F 0-2: Ball 1-2: Foul Ball, location: 2F 1-2: Ball 2-2: Fly out, F8 (Flyball, 8LS)
|
Batting: RHB Harrison Bader
|
0-0: Called Strike 0-1: Ball 1-1: Called Strike 1-2: Ball 2-2: Strikes out looking
|
Bottom of the 8th over - 0 runs, 0 hits, 0 errors, 0 left on base; Cincinnati 7 - St. Louis 0 |
TOP OF THE 9TH |
Cincinnati Reds batting - Pitching for St. Louis Cardinals : LHP Brett Anderson
|
Pitching: RHP Mark Melancon
|
|
Batting: RHB Trea Turner
|
0-0: Called Strike 0-1: Ball 1-1: Swinging Strike 1-2: Strikes out swinging
|
Pinch Hitting: LHB Adrian Gonzalez
|
0-0: Ball 1-0: Ball 2-0: Ball 3-0: Called Strike 3-1: Called Strike 3-2: Ground out 4-3 (Groundball, 4M)
|
Batting: RHB Edwin Encarnacion
|
0-0: Foul Ball, location: 2F 0-1: Ball 1-1: Ball 2-1: Ground out 6-3 (Groundball, 6)
|
Top of the 9th over - 0 runs, 0 hits, 0 errors, 0 left on base; Cincinnati 7 - St. Louis 0 |
BOTTOM OF THE 9TH |
St. Louis Cardinals batting - Pitching for Cincinnati Reds : RHP Tyler Duffey
|
Now at 1B: Luis Jimenez
|
|
Now in RF: Colby Rasmus
|
|
Batting: RHB Adeiny Hechavarria
|
0-0: Ball 1-0: Called Strike 1-1: Foul Ball, location: 2F 1-2: Fly out, F8 (Line Drive, 8RD)
|
Pinch Hitting: SHB Eduardo Escobar
|
0-0: Ball 1-0: Ball 2-0: Called Strike 2-1: Ball 3-1: Swinging Strike 3-2: Strikes out swinging
|
Batting: SHB Ozzie Albies
|
0-0: Ball 1-0: Swinging Strike 1-1: Fly out, F8 (Flyball, 8LS)
|
Bottom of the 9th over - 0 runs, 0 hits, 0 errors, 0 left on base; Cincinnati 7 - St. Louis 0 |
|